 Dungeon Crawl Stone Soup version 0.30-a0-824-g6c64550be9 (webtiles) character file.

Game seed: 15470838738763031687

3777 Esekla the Covert (level 10, 0/66 HPs)
             Began as an Octopode Delver on Feb 28, 2023.
             Was an Initiate of Gozag.
             Killed from afar by an electric eel (6 damage)
             ... with a bolt of electricity
             ... on level 8 of the Dungeon.
             The game lasted 01:02:53 (9708 turns).

Esekla the Covert (Octopode Delver)                 Turns: 9708, Time: 01:02:54

Health: 0/66       AC:  1    Str: 11    XL:     10   Next: 16%
Magic:  18/18      EV: 21    Int: 20    God:    Gozag
Gold:   657        SH:  6    Dex: 21    Spells: 14/20 levels left

rFire   . . .      SeeInvis +    a - +1 falchion (vamp)
rCold   . . .      Faith    .    v - +0 buckler
rNeg    + . .      Spirit   .    (helmet restricted)
rPois   .          Reflect  .    (no amulet)
rElec   .          Harm     .    o - ring of positive energy
rCorr   .          Rampage  .    t - +6 ring of dexterity
Will    +....                    A - ring "Aduxkor" {Will+ EV+5 Int+4}
Stlth   +++++                    d - ring of see invisible
HPRegen 0.31/turn                (no ring)
MPRegen 0.16/turn                (no ring)
                                 (no ring)
                                 (no ring)

@: no status effects
A: almost no armour, amphibious, 8 rings, camouflage 1, gelatinous body 1,
(nimble swimmer 1), tentacles
a: Renounce Religion, Potion Petition, Call Merchant, Bribe Branch


You were on level 8 of the Dungeon.
You worshipped Gozag.
Gozag was pleased with you.
You visited 2 branches of the dungeon, and saw 9 of its levels.

You collected 1623 gold pieces.
You spent 894 gold pieces at shops.
You paid 72 gold pieces to Gozag.

Inventory:

Hand Weapons
 a - a +1 vampiric falchion (weapon)
 s - the +4 dagger of Ignis {speed, *Noise rPois rN++ Will+}
   (You bought it in a shop on level 5 of the Dungeon)

   rPois:     It protects you from poison.
   rN:        It greatly protects you from negative energy.
   *Noise:    It may make noises in combat.
   Will:      It increases your willpower.
 w - a +0 falchion of holy wrath
Missiles
 y - 23 poisoned darts
 E - a throwing net
 F - 5 boomerangs (quivered)
Armour
 v - a +0 buckler (worn)
Jewellery
 d - a ring of see invisible (on tentacle)
 o - a ring of positive energy (left tentacle)
 t - a +6 ring of dexterity (right tentacle)
 A - the ring "Aduxkor" (on tentacle) {Will+ EV+5 Int+4}
   (You took it off Eustachio on level 4 of the Dungeon)

   [ring of evasion]

   EV:        It affects your evasion (+5).
   Int:       It affects your intelligence (+4).
   Will:      It increases your willpower.
Wands
 f - a wand of digging (7)
 g - a wand of mindburst (19)
 H - a wand of polymorph (5)
Scrolls
 b - 3 scrolls of fog
 c - a scroll of immolation {unknown}
 h - a scroll of magic mapping
 i - 2 scrolls of enchant weapon
 l - 2 scrolls of blinking {unknown}
 n - a scroll of acquirement {unknown}
 q - 6 scrolls of identify
 r - 3 scrolls of vulnerability {unknown}
 x - a scroll of teleportation
 B - a scroll of torment {unknown}
Potions
 e - 3 potions of haste
 j - 3 potions of degeneration {unknown}
 k - 4 potions of lignification {unknown}
 m - 9 potions of curing
 p - 4 potions of invisibility {unknown}
 u - a potion of attraction {unknown}
 z - 4 potions of heal wounds
 C - a potion of flight {unknown}
 D - a potion of brilliance {unknown}
 G - a potion of magic {unknown}


   Skills:
 * Level 5.3 Fighting
 + Level 1.3(3.8) Short Blades
 * Level 5.7(5.8) Long Blades
 + Level 1.3 Throwing
 * Level 5.0 Dodging
 + Level 8.8 Stealth
 + Level 3.3 Shields
 * Level 5.5 Spellcasting
 + Level 3.7 Air Magic
 * Level 7.7 Poison Magic
 + Level 0.1 Evocations


You had 14 spell levels left.
You knew the following spells:

 Your Spells              Type           Power      Damage    Failure   Level
v - Poisonous Vapours     Pois/Air       56%        N/A       1%          2
x - Olgreb's Toxic Radia  Pois           36%        N/A       6%          4

Your spell library contained the following spells:

 Spells                   Type           Power      Damage    Failure   Level
 Sting                    Tmut/Pois      80%        1d7       3%          1
 Blade Hands              Tmut           2%         N/A       99%         5
 Iron Shot                Conj/Erth      2%         9d2       100%        6
 Animate Armour           Summ/Erth      Unusable   N/A       N/A         4

Dungeon Overview and Level Annotations

Branches:
Dungeon (8/15)             Temple (1/1) D:4
   Lair: D:8-11

Altars:
Ashenzari
Cheibriados
Dithmenos
Elyvilon
Gozag
Hepliaklqana
Kikubaaqudgha
Makhleb
Nemelex Xobeh
Okawaru
Qazlal
Ru
Sif Muna
Trog
Uskayaw
Vehumet
Wu Jian
Xom
Yredelemnul
Zin
The Shining One

Shops:
D:5 ?=!((

Annotations:
D:7 Joseph
D:8 1 runed translucent door, cforsyth's ghost, novice KoBr


Innate Abilities, Weirdness & Mutations

You cannot wear most types of armour.
You are amphibious.
You can wear up to eight rings at the same time.
Your skin changes colour to match your surroundings (Stealth+).
Your rubbery body absorbs attacks. (AC +1, EV +1)
((You are camouflaged when in or above water. (Stealth+)))
You have tentacles for arms and can constrict up to eight enemies at once.


Message History

You open the door.
There is an open door here.
H - a wand of polymorph (5)
You open the door.
There is an open door here.
You open the door.
There is an open door here.
Found a white marble altar of Elyvilon.
You enter the deep water.
An electric eel comes into view.
The electric eel shoots out a bolt of lightning at you!
The bolt of electricity hits you!
The electric eel shoots out a bolt of lightning at you!
The bolt of electricity misses you.
Casting: Olgreb's Toxic Radiance (dangerous; 6% risk of failure)
Confirm with . or Enter, or press ? or * to list all spells.
You don't know that spell.
You enter the deep water.
The electric eel shoots out a bolt of lightning at you!
The bolt of electricity misses you.
The electric eel shoots out a bolt of lightning at you!
The bolt of electricity hits you!
A gnoll comes into view. It is wielding a +0 flail.
The electric eel shoots out a bolt of lightning at you!
The bolt of electricity hits the plant!
The plant begins to die.
The bolt of electricity hits the plant!
The plant begins to die.
The bolt of electricity misses you.
The electric eel shoots out a bolt of lightning at you!
The bolt of electricity hits the plant!
The bolt of electricity misses you.
A nearby plant withers and dies.
The electric eel shoots out a bolt of lightning at you!
The bolt of electricity hits you! x2
A nearby plant withers and dies.
The electric eel shoots out a bolt of lightning at you!
The bolt of electricity hits you!
* * * LOW HITPOINT WARNING * * *
The electric eel shoots out a bolt of lightning at you!
The bolt of electricity hits you.
You die...
Your body crumbles into a pile of gold.

#....P#≈.≈#P# #....PP≈.≈P.#
#......≈.≈PP##
#########.#≈.≈#P.# $
......#.P.≈.≈P..#
.....#...S.≈...# ####
#..##..#≈.≈#..#
#...##..##.##≈.≈####
........@.##≈≈.≈≈#
........#.#≈≈...≈≈#
#...##..###≈⌠._.⌠≈# #.
##..###≈≈...≈≈#
#...#.##≈≈⌠≈≈## .
#...'..##≈≈≈## .#
######..##..##### .#
#...##..###########
.########...##..##........#


You could see an electric eel.

Vanquished Creatures
  Pikel (D:6)
  A hornet (D:8)
  Eustachio (D:4)
  3 steam dragons
  Edmund (D:6)
  2 water moccasins (D:7)
  A black bear (D:6)
  3 orc warriors
  A sky beast (D:7)
  An ice beast (D:7)
  A phantom (D:4)
  3 centaurs
  2 lemures (D:5)
  2 kobold brigands
  Blork the orc (D:5)
  3 bullfrogs
  2 scorpions
  3 jellies
  7 orc priests
  A gnoll bouda (D:4)
  3 hounds
  3 iguanas
  Terence (D:3)
  3 orc wizards
  11 gnolls
  7 adders
  A shadow imp (D:5)
  3 white imps
  An ufetubus (D:6)
  3 worms
  2 dart slugs
  16 orcs
  17 endoplasms
  2 giant cockroaches
  7 goblins
  6 hobgoblins
  2 jackals (D:4)
  2 quokkas
  9 ball pythons
  7 bats
  A frilled lizard (D:2)
  25 kobolds
  3 rats
  A butterfly (D:4)
176 creatures vanquished.

Vanquished Creatures (others)
  4 fungi (D:4)
  2 plants (D:8)
  9 toadstools (D:4)
15 creatures vanquished.

Grand Total: 191 creatures vanquished

Notes
Turn   | Place    | Note
-------+----------+-------------------------------------------
     0 | D:5      | Esekla the Octopode Delver began the quest for the Orb.
     0 | D:5      | Reached XP level 1. HP: 16/16 MP: 1/1
    28 | D:5      | Found Zaroaw's Antique Weapon Shop.
    30 | D:5      | Noticed a jelly
    65 | D:5      | Found Efaucy's Distillery.
   118 | D:5      | Found Duviojim's Jewellery Shop.
   278 | D:5      | Found a hazy altar of Hepliaklqana.
   323 | D:5      | Noticed a centaur
   363 | D:5      | Noticed a hound
   422 | D:5      | Found Bopped's Magic Scroll Boutique.
   473 | D:5      | Found Omiliod's Antique Weapon Emporium.
   529 | D:4      | Noticed a bullfrog
   572 | D:4      | Noticed a scorpion
   611 | D:4      | Noticed Eustachio
   614 | D:4      | Found a glowing silver altar of Zin.
   662 | D:4      | Found a staircase to the Ecumenical Temple.
   674 | Temple   | Entered the Ecumenical Temple
   787 | D:4      | Noticed a phantom
   928 | D:4      | Reached XP level 2. HP: 21/21 MP: 2/2
  1059 | Temple   | Became a worshipper of Gozag Ym Sagoz the Greedy
  1285 | D:3      | Reached skill level 7 in Stealth
  1285 | D:3      | Reached XP level 3. HP: 26/26 MP: 3/3
  1296 | D:3      | Learned a level 2 spell: Poisonous Vapours
  1562 | D:1      | Reached skill level 1 in Poison Magic
  1936 | D:1      | Reached XP level 4. HP: 31/31 MP: 4/4
  2657 | D:2      | Reached skill level 1 in Spellcasting
  2858 | D:2      | Reached XP level 5. HP: 35/36 MP: 6/6
  3238 | D:3      | Reached skill level 1 in Air Magic
  3300 | D:3      | Noticed Terence
  3944 | D:4      | Found a hide-covered altar of Uskayaw.
  4035 | D:5      | Reached skill level 1 in Shields
  4035 | D:5      | Reached XP level 6. HP: 42/42 MP: 7/7
  4064 | D:4      | Identified the ring "Aduxkor" {Will+ EV+5 Int+4}
  4120 | D:3      | Killed Terence
  4314 | D:4      | Reached skill level 8 in Stealth
  4578 | D:5      | Bought a glimmering dagger for 175 gold pieces
  4578 | D:5      | Identified the +4 dagger of Ignis {speed, *Noise rPois rN++
                  | Will+} (You bought it in a shop on level 5 of the Dungeon)
  4667 | D:5      | Bought a runed falchion for 150 gold pieces
  4789 | D:5      | Bought a scroll of teleportation for 36 gold pieces
  4789 | D:5      | Bought a scroll of identify for 24 gold pieces
  4789 | D:5      | Bought a scroll of identify for 24 gold pieces
  4789 | D:5      | Bought a scroll of identify for 24 gold pieces
  4789 | D:5      | Bought a scroll of identify for 24 gold pieces
  4789 | D:5      | Bought a scroll of enchant weapon for 90 gold pieces
  4916 | D:4      | Reached XP level 7. HP: 28/46 MP: 9/9
  5444 | D:5      | Bought 2 potions of heal wounds for 140 gold pieces
  6039 | D:4      | Reached skill level 1 in Short Blades
  6192 | D:4      | Learned a level 4 spell: Olgreb's Toxic Radiance
  6582 | D:4      | Killed Eustachio
  6583 | D:4      | Reached XP level 8. HP: 48/54 MP: 12/12
  6783 | D:5      | Bought a potion of curing for 42 gold pieces
  6805 | D:6      | Noticed Pikel
  6870 | D:6      | Noticed Blork the orc
  6911 | D:5      | HP: 2/54 [Blork the orc/puff of flame (14)]
  7238 | D:5      | Killed Blork the orc
  7239 | D:5      | Reached skill level 1 in Throwing
  7389 | D:6      | Noticed Edmund
  7398 | D:6      | Killed Pikel
  7413 | D:6      | Reached XP level 9. HP: 23/59 MP: 3/15
  7596 | D:6      | Killed Edmund
  7597 | D:6      | Reached skill level 5 in Poison Magic
  7784 | D:6      | Found a shimmering blue altar of Sif Muna.
  7795 | D:6      | Found a burning altar of Makhleb.
  8182 | D:7      | Reached skill level 5 in Long Blades
  8372 | D:7      | Noticed Joseph
  8892 | D:7      | Reached skill level 5 in Spellcasting
  9060 | D:5      | Bought a ring of see invisible for 165 gold pieces
  9104 | D:8      | Noticed a hornet
  9113 | D:7      | Reached skill level 5 in Fighting
  9243 | D:8      | Found a runed translucent door.
  9244 | D:8      | Noticed cforsyth's ghost (novice KoBr)
  9253 | D:8      | Killed a hornet
  9283 | D:8      | Reached XP level 10. HP: 62/66 MP: 5/17
  9351 | D:8      | Reached skill level 5 in Dodging
  9688 | D:8      | Found a white marble altar of Elyvilon.
  9708 | D:8      | Killed from afar by an electric eel

Illustrated notes

Levels and vault maps discovered:
D:1:      dpeg_arrival_leaves_temple_mockup, layout_loops_ring,
          chequers_mini_garden
D:2:      layout_basic
D:3:      layout_loops_ring, kennysheep_doodads, uniq_terence
D:4:      cheibrodos_fertilizer, layout_loops_ring,
          nicolae_uskayaw_murder_on_the_dancefloor, zin_statuary,
          minmay_temple_entry_butterflies, hex_tiny, minivault_23,
          kennysheep_generic_room_10, uniq_eustachio
D:5:      layout_loops_corners, lemuel_doored_altar, serial_rivers,
          chequers_serial_rivers_micro_a, chequers_serial_rivers_small_a,
          chequers_serial_rivers_large_a, chequers_serial_rivers_micro_d,
          serial_shops, nicolae_shop_advertising_works
          [nicolae_subvault_shop_adworks], nicolae_shop_trees, shop_fountains,
          shop, nicolae_shop_trees, minmay_misc_feat_rows
D:6:      layout_rooms, mainiacjoe_overflow_large_starburst, uniq_blork_the_orc,
          uniq_pikel, uniq_edmund
D:7:      layout_rooms, minmay_misc_feat_pillars, minmay_strange_pillars,
          uniq_joseph
D:8:      layout_gridville, nicolae_elyvilon_temple_path, gammafunk_ghost_grave,
          st_stairs_8
Temple:   nicolae_temple_superstar

Skill      XL: |  1  2  3  4  5  6  7  8  9 10 |
---------------+-------------------------------+-----
Stealth        | 7 8 |  8.8
Poison Magic   | 1 2 3 4 7 |  7.7
Spellcasting   | 1 2 4 5 |  5.5
Air Magic      | 1 2 3 |  3.7
Long Blades    | 3 4 5 |  5.7
Shields        | 1 2 3 |  3.3
Dodging        | 3 4 5 |  5.0
Short Blades   | 1 |  1.3
Fighting       | 4 5 |  5.3
Throwing       | 1 |  1.3
Evocations     | |  0.1

Action                     |  1- 3 |  4- 6 |  7- 9 | 10-12 || total
---------------------------+-------+-------+-------+-------++-------
  Melee: Falchion          |    32 |    66 |    85 |    20 ||   203
         Constrict         |     8 |    17 |    23 |     6 ||    54
         Tentacles         |     7 |    17 |    28 |     7 ||    59
         Dagger            |    21 |    27 |    30 |     2 ||    80
         Punch             |       |     1 |     1 |     1 ||     3
  Throw: Boomerang         |       |     1 |    37 |       ||    38
   Cast: Poisonous Vapours |       |    10 |    53 |     4 ||    67
         Olgreb's Toxic Ra |       |       |    12 |     3 ||    15
  Evoke: Wand              |       |     1 |     2 |       ||     3
    Use: Scroll            |     1 |       |     1 |       ||     2
         Potion            |       |     1 |     1 |       ||     2
   Stab: Sleeping          |    16 |    19 |    11 |     1 ||    47
         Distracted        |     1 |     1 |       |       ||     2
 Armour: Skin              |     4 |     4 |     4 |       ||    12
  Dodge: Dodged            |    15 |    65 |   119 |    19 ||   218
  Block: Buckler           |       |       |    26 |     3 ||    29

Table legend: (Time is in decaauts)
 A = Elapsed time spent in this place.
 B = Non-inter-level travel time spent in this place.
 C = Inter-level travel time spent in this place.
 D = Time resting spent in this place.
 E = Time spent auto-exploring this place.
 F = Levels seen in this place.
 G = Mean time per level.
                   A        B        C        D        E       F      G
               +--------+--------+--------+--------+--------+-----+--------+
         Total |   9681 |   9196 |    485 |   2503 |   2207 |   9 | 1075.7 |
       Dungeon |   9559 |   9100 |    459 |   2503 |   2146 |   8 | 1194.9 |
        Temple |    122 |     96 |     26 |      0 |     61 |   1 |  122.0 |
               +--------+--------+--------+--------+--------+-----+--------+

Top non-repeatable levels by time:
     D:4: 2218 daAuts
     D:5: 2128 daAuts
     D:2: 1175 daAuts
     D:3: 1151 daAuts
     D:7: 913 daAuts
     D:6: 782 daAuts
     D:1: 613 daAuts
     D:8: 575 daAuts
  Temple: 122 daAuts
